RedWings vs Bruins

Created - Friday, November 20, 2015 at 01:14

Goals
1 2 3 T
RedWings 1 0 1 2
Bruins 2 0 2 4
Shots
1 2 3 T
RedWings 12 2 6 20
Bruins 9 8 13 30

1st period

1. RedWings , Alexei Emelin 2 (Patrick Sharp, Zbynek Michalek) at 3:24 (PP)
2. Bruins , T.J. Oshie 9 (Anton Lander, Jonas Brodin) at 16:19
3. Bruins , Joe Pavelski 12 (T.J. Oshie, Brent Seabrook) at 19:49

Penalties :
Tom Wilson (Bos) for Roughing (Minor) at 2:27

2nd period

No Goal

Penalties :
Eric Gryba (Det) for Slashing (Minor) at 9:19

3rd period

4. RedWings , Shawn Horcoff 3 (Shane Doan) at 8:20 (PP)
5. Bruins , Joe Pavelski 13 (Claude Giroux, Shea Weber) at 8:53
6. Bruins , Matt Duchene 3 (Joe Pavelski, Claude Giroux) at 9:26 (PP)

Penalties :
Marian Hossa (Bos) for Hooking (Minor) at 2:06, Matt Hendricks (Bos) for Holding (Minor) at 2:32, Tommy Wingels (Bos) for Tripping (Minor) at 7:58, Patrick Sharp (Det) for Roughing (Minor) at 8:56, Alexei Emelin (Det) for Interference (Minor) at 16:18, T.J. Oshie (Bos) for Boarding (Double Minor) at 19:23

Goalie Stats

Jonas Hiller (Det), 26 saves from 30 shots - (0.867), L, 7-8-0, 60:00 minutes
Semyon Varlamov (Bos), 18 saves from 20 shots - (0.900), W, 5-2-0, 60:00 minutes

Players Stats for RedWings

Player Name              G  A  P  +/- PIM S  H  SB GA TA FO     MP     PP MP  PK MP  
------------------------------------------------------------------------------------
Aaron Ekblad             0  0  0  -2  0   1  4  1  1  0  0/0    22:44   2:33   0:42 
Alexei Emelin            1  0  1  -1  2   2  3  0  0  0  0/0    21:00   0:57   1:59 
Chris VandeVelde         0  0  0   0  0   0  1  0  1  1  0/2    13:08   0:00   0:25 
Devante Smith-Pelly      0  0  0   0  0   0  2  0  2  1  2/8    13:08   0:00   0:00 
Eric Gryba               0  0  0  -1  2   0  0  1  0  2  0/0    19:22   0:00   1:47 
John-Michael Liles       0  0  0  -1  0   1  0  1  0  2  0/0    21:44   0:57   2:08 
Mark Letestu             0  0  0   0  0   0  1  0  0  0  9/14   16:39   1:58   0:00 
Martin Erat              0  0  0   0  0   1  0  0  2  0  0/2    16:39   1:58   0:00 
Milan Michalek           0  0  0  -3  0   2  0  0  4  1  0/0    20:34   2:22   3:43 
Nick Leddy               0  0  0   0  0   0  0  1  0  0  0/0     8:04   0:50   0:00 
Patrick Sharp            0  1  1   0  2   4  0  1  4  0  0/2    17:07   1:58   0:20 
Ryan White               0  0  0   0  0   1  2  0  0  0  0/2     9:09   0:00   0:00 
Shane Doan               0  1  1  -3  0   1  2  0  2  0  2/7    20:34   2:22   3:43 
Shawn Horcoff            1  0  1  -3  0   4  0  0  1  0  4/13   17:17   2:22   0:20 
Steve Downie             0  0  0   0  0   2  0  0  4  0  0/0     9:09   0:00   0:00 
TJ Galiardi              0  0  0   0  0   1  0  0  0  0  1/1    10:09   0:00   0:25 
Tomas Kopecky            0  0  0   0  0   0  0  0  2  1  0/0    12:43   0:00   0:00 
Zbynek Michalek          0  1  1  -1  0   0  2  2  1  6  0/0    26:14   3:23   2:20 

Players Stats for Bruins

Player Name              G  A  P  +/- PIM S  H  SB GA TA FO     MP     PP MP  PK MP  
------------------------------------------------------------------------------------
Anton Lander             0  1  1   1  0   1  2  0  0  3  2/8    10:17   0:00   0:25 
Anze Kopitar             0  0  0   0  0   2  4  0  5  1  8/12   18:04   2:05   1:34 
Brenden Dillon           0  0  0   1  0   0  0  2  0  3  0/0    16:36   0:00   1:24 
Brent Seabrook           0  1  1   2  0   3  1  0  0  3  0/0    22:03   0:02   2:56 
Claude Giroux            0  2  2   2  0   4  2  0  2  0  11/16  19:29   2:23   0:00 
Jeff Petry               0  0  0   1  0   0  0  0  1  2  0/0    16:36   0:00   1:24 
Joe Pavelski             2  1  3   2  0   10 0  0  4  1  1/1    19:29   2:23   0:00 
Jonas Brodin             0  1  1   0  0   0  0  0  1  0  0/0    20:20   0:02   2:56 
Marian Hossa             0  0  0   0  2   1  1  0  2  0  0/1    16:30   2:05   0:01 
Matt Duchene             1  0  1   0  0   2  0  0  3  0  6/6    15:51   4:26   0:00 
Matt Hendricks           0  0  0   0  2   0  2  0  0  2  0/0    14:16   0:00   2:20 
Nate Guenin              0  0  0   0  0   0  0  0  0  0  0/0     4:50   0:00   0:00 
Nick Holden              0  0  0   0  0   1  0  2  0  0  0/0    11:33   0:00   0:00 
Shea Weber               0  1  1   2  0   1  6  1  2  2  0/0    23:03   4:26   0:00 
T.J. Oshie               1  1  2   3  4   1  1  0  0  1  0/0    20:05   2:23   0:00 
Tom Wilson               0  0  0   1  2   2  0  0  0  0  0/0     8:19   0:00   0:00 
Tommy Wingels            0  0  0   0  2   2  1  1  1  1  0/0    16:54   0:00   0:00 
Zemgus Girgensons        0  0  0   0  0   0  4  2  1  1  5/7    19:42   2:05   2:46 

3 Stars

1 - Joe Pavelski (Bos)
2 - Shea Weber (Bos)
3 - Claude Giroux (Bos)

Power Play

RedWings - 2 on 6 Attempt(s) - 33.33%
Bruins - 1 on 3 Attempt(s) - 33.33%

Penalty Kill

RedWings - 2 on 3 Attempt(s) - 66.67% - Score 0 goal in Penalty Kill
Bruins - 4 on 6 Attempt(s) - 66.67% - Score 0 goal in Penalty Kill

Team Stat

RedWings - Hits : 17 - Faceoff Wins : 18 - Blocked Shots : 7 - Penalty Minutes : 6
Bruins - Hits : 24 - Faceoff Wins : 33 - Blocked Shots : 8 - Penalty Minutes : 12

Official

Referees : Unknown
Linesman : Unknown

Game Notes

Nick Leddy is injured at 19:12 of 1st period (Broken Bone (Right Ankle))

Finance

Level 1 -- Attendance: 6000 (100.00%) -- Ticket Income $480,000
Level 2 -- Attendance: 4764 (95.28%) -- Ticket Income $252,492
Level 3 -- Attendance: 2000 (100.00%) -- Ticket Income $56,000
Level 4 -- Attendance: 3871 (96.78%) -- Ticket Income $65,807
Luxury Box -- Attendance: 1000 (100.00%) -- Ticket Income $176,000
Game was played at the TD Banknorth Garden.
Total Attendance: 17635 (97.97%)
Total Ticket Income: $1,030,299
Other Income: $504,847
Total Income: $1,535,146

RedWings

5 vs 5 Forward 
   Center                   Left Wing                Right Wing               Time % Phy DF OF 
 1 Shawn Horcoff            Shane Doan               Milan Michalek           35     0   2  3  
 2 Mark Letestu             Patrick Sharp            Martin Erat              30     0   2  3  
 3 Devante Smith-Pelly      Tomas Kopecky            Chris VandeVelde         22     0   3  2  
 4 Ryan White               Steve Downie             TJ Galiardi              13     0   2  3  

5 vs 5 Defense 
   Defense                  Defense                                           Time % Phy DF OF 
 1 Zbynek Michalek          Nick Leddy                                        35     0   3  2  
 2 Alexei Emelin            John-Michael Liles                                30     0   3  2  
 3 Aaron Ekblad             Eric Gryba                                        22     0   3  2  
 4 Zbynek Michalek          Nick Leddy                                        13     0   3  2  

PowerPlay Forward 
   Center                   Left Wing                Right Wing               Time % Phy DF OF 
 1 Shawn Horcoff            Shane Doan               Milan Michalek           60     0   2  3  
 2 Mark Letestu             Patrick Sharp            Martin Erat              40     0   2  3  

PowerPlay Defense
   Defense                  Defense                                           Time % Phy DF OF 
 1 Zbynek Michalek          Nick Leddy                                        60     0   2  3  
 2 Alexei Emelin            John-Michael Liles                                40     0   2  3  

Penalty Kill 4 Players Forward 
   Center                   Wing                     Time % Phy DF OF 
 1 Shane Doan               Milan Michalek           60     1   4  0  
 2 Patrick Sharp            Shawn Horcoff            40     1   4  0  

Penalty Kill 4 Players Defense
   Defense                  Defense                  Time % Phy DF OF 
 1 Zbynek Michalek          Nick Leddy               60     1   4  0  
 2 Alexei Emelin            John-Michael Liles       40     1   4  0  

Penalty Kill - 3 Players Forward 
   Forward                                           Time % Phy DF OF 
 1 Shane Doan                                        60     0   5  0  
 2 Milan Michalek                                    40     0   5  0  

Penalty Kill - 3 Players Defense
   Defense                  Defense                  Time % Phy DF OF 
 1 Zbynek Michalek          Nick Leddy               60     0   5  0  
 2 Alexei Emelin            John-Michael Liles       40     0   5  0  

4 vs 4 Forward 
   Center                   Wing                     Time % Phy DF OF 
 1 Shane Doan               Milan Michalek           60     0   3  2  
 2 Patrick Sharp            Shawn Horcoff            40     0   3  2  

4 vs 4 Defense
   Defense                  Defense                  Time % Phy DF OF 
 1 Zbynek Michalek          Nick Leddy               60     0   3  2  
 2 Alexei Emelin            John-Michael Liles       40     0   3  2  

Last Minutes Offensive
   Center                   Left Wing                Right Wing               Defense                  Defense                  
   Shawn Horcoff            Shane Doan               Milan Michalek           Zbynek Michalek          Nick Leddy               

Last Minutes Defensive
   Center                   Left Wing                Right Wing               Defense                  Defense                  
   Shawn Horcoff            Shane Doan               Milan Michalek           Zbynek Michalek          Nick Leddy               

Goaltenders
Starting : Jonas Hiller             
Backup : Ben Scrivens             

Extra Forwards
Normal : Devante Smith-Pelly, Tomas Kopecky, Chris VandeVelde - PP : Devante Smith-Pelly, Tomas Kopecky - PK : Chris VandeVelde
Extra Defensemen
Normal : Aaron Ekblad, Eric Gryba, Alexei Emelin - PP : Aaron Ekblad - PK : Eric Gryba, Alexei Emelin
Penalty Shots
Shane Doan, Milan Michalek, Patrick Sharp, Shawn Horcoff, Martin Erat

Bruins

5 vs 5 Forward 
   Center                   Left Wing                Right Wing               Time % Phy DF OF 
 1 Claude Giroux            T.J. Oshie               Joe Pavelski             38     1   2  2  
 2 Anze Kopitar             Zemgus Girgensons        Marian Hossa             30     1   2  2  
 3 Matt Duchene             Tommy Wingels            Matt Hendricks           22     1   2  2  
 4 Anton Lander             Tommy Wingels            Tom Wilson               10     1   2  2  

5 vs 5 Defense 
   Defense                  Defense                                           Time % Phy DF OF 
 1 Shea Weber               Brent Seabrook                                    38     1   2  2  
 2 Jeff Petry               Brenden Dillon                                    30     1   2  2  
 3 Jonas Brodin             Nick Holden                                       22     1   2  2  
 4 Nate Guenin              Jonas Brodin                                      10     1   2  2  

PowerPlay Forward 
   Center                   Left Wing                Right Wing               Time % Phy DF OF 
 1 Claude Giroux            T.J. Oshie               Joe Pavelski             60     1   0  4  
 2 Anze Kopitar             Zemgus Girgensons        Marian Hossa             40     1   0  4  

PowerPlay Defense
   Defense                  Defense                                           Time % Phy DF OF 
 1 Shea Weber               Matt Duchene                                      60     1   1  3  
 2 Shea Weber               Matt Duchene                                      40     1   1  3  

Penalty Kill 4 Players Forward 
   Center                   Wing                     Time % Phy DF OF 
 1 Zemgus Girgensons        Matt Hendricks           60     1   3  1  
 2 Anton Lander             Tommy Wingels            40     1   3  1  

Penalty Kill 4 Players Defense
   Defense                  Defense                  Time % Phy DF OF 
 1 Jonas Brodin             Brent Seabrook           60     1   4  0  
 2 Jeff Petry               Brenden Dillon           40     1   4  0  

Penalty Kill - 3 Players Forward 
   Forward                                           Time % Phy DF OF 
 1 Matt Hendricks                                    60     1   4  0  
 2 Anton Lander                                      40     1   4  0  

Penalty Kill - 3 Players Defense
   Defense                  Defense                  Time % Phy DF OF 
 1 Jonas Brodin             Brent Seabrook           60     1   4  0  
 2 Jeff Petry               Brenden Dillon           40     1   4  0  

4 vs 4 Forward 
   Center                   Wing                     Time % Phy DF OF 
 1 Claude Giroux            Joe Pavelski             60     1   2  2  
 2 Anze Kopitar             Marian Hossa             40     1   2  2  

4 vs 4 Defense
   Defense                  Defense                  Time % Phy DF OF 
 1 Shea Weber               Brent Seabrook           60     1   2  2  
 2 Jeff Petry               Brenden Dillon           40     1   2  2  

Last Minutes Offensive
   Center                   Left Wing                Right Wing               Defense                  Defense                  
   Claude Giroux            T.J. Oshie               Joe Pavelski             Shea Weber               Brent Seabrook           

Last Minutes Defensive
   Center                   Left Wing                Right Wing               Defense                  Defense                  
   Anze Kopitar             Joe Pavelski             Marian Hossa             Shea Weber               Brent Seabrook           

Goaltenders
Starting : Semyon Varlamov          
Backup : Cam Talbot               

Extra Forwards
Normal : Matt Duchene, Anton Lander, Matt Hendricks - PP : Matt Duchene, Anton Lander - PK : Matt Hendricks
Extra Defensemen
Normal : Jonas Brodin, Nick Holden, Nate Guenin - PP : Jonas Brodin - PK : Nick Holden, Nate Guenin
Penalty Shots
T.J. Oshie, Matt Duchene, Matt Hendricks, Joe Pavelski, Anze Kopitar

% Time on Ice - RedWings

Lines # - Real PCT - Wanted PCT - Time Play
Normal Forward
1 - 28% - 35% - 14:30
2 - 29% - 30% - 14:50
3 - 25% - 22% - 12:43
4 - 18% - 13% - 9:09
Normal Defense
1 - 36% - 35% - 18:21
2 - 32% - 30% - 16:21
3 - 20% - 22% - 10:20
4 - 12% - 13% - 6:10
PP Forward
1 - 55% - 60% - 2:22
2 - 45% - 40% - 1:58
PP Defense
1 - 78% - 60% - 3:23
2 - 22% - 40% - 0:57
PK Forward
1 - 93% - 60% - 4:08
2 - 7% - 40% - 0:20
PK Defense
1 - 52% - 60% - 2:20
2 - 48% - 40% - 2:08
PK3 Forward
1 - 0% - 60%
2 - 0% - 40%
PK3 Defense
1 - 0% - 60%
2 - 0% - 40%
44 Forward
1 - 0% - 60%
2 - 0% - 40%
44 Defense
1 - 0% - 60%
2 - 0% - 40%
Last Minute Offensive  - 0:00
Last Minute Defensive  - 0:00
Total
Forward - 60:00
Defense - 60:00

% Time on Ice - Bruins

Lines # - Real PCT - Wanted PCT - Time Play
Normal Forward
1 - 34% - 38% - 17:32
2 - 28% - 30% - 14:26
3 - 21% - 22% - 10:54
4 - 16% - 10% - 8:20
Normal Defense
1 - 38% - 38% - 19:36
2 - 30% - 30% - 15:12
3 - 23% - 22% - 11:34
4 - 9% - 10% - 4:50
PP Forward
1 - 53% - 60% - 2:23
2 - 47% - 40% - 2:05
PP Defense
1 - 100% - 60% - 4:28
2 - 0% - 40% - 0:00
PK Forward
1 - 100% - 60% - 2:47
2 - 0% - 40% - 0:00
PK Defense
1 - 72% - 60% - 2:00
2 - 28% - 40% - 0:47
PK3 Forward
1 - 100% - 60% - 1:33
2 - 0% - 40% - 0:00
PK3 Defense
1 - 60% - 60% - 0:56
2 - 40% - 40% - 0:37
44 Forward
1 - 0% - 60%
2 - 0% - 40%
44 Defense
1 - 0% - 60%
2 - 0% - 40%
Last Minute Offensive  - 0:00
Last Minute Defensive  - 0:00
Total
Forward - 60:00
Defense - 60:00

Play by Play

1st period


0:01 of 1st period - Claude Giroux wins face-off versus Shawn Horcoff in neutral zone.
0:20 of 1st period - Backhand shot by Joe Pavelski.
0:20 of 1st period - Shot Misses the Net.
0:48 of 1st period - Zbynek Michalek is hit by Anze Kopitar and loses puck.
0:57 of 1st period - Snap shot by Marian Hossa.
0:57 of 1st period - Deflect By Anze Kopitar.
0:57 of 1st period - Stopped by Jonas Hiller with a rebound.
1:06 of 1st period - Off-side.
1:07 of 1st period - Matt Duchene wins face-off versus Devante Smith-Pelly in neutral zone.
1:22 of 1st period - Tommy Wingels is hit by Alexei Emelin.
1:34 of 1st period - Slapshot by John-Michael Liles.
1:34 of 1st period - Stopped by Semyon Varlamov without a rebound.
1:35 of 1st period - Anze Kopitar wins face-off versus Ryan White in Bruins zone.
2:02 of 1st period - Slapshot by Aaron Ekblad.
2:02 of 1st period - Deflect By Ryan White.
2:02 of 1st period - Shot Blocked by Nick Holden.
2:02 of 1st period - Puck is out of play.
2:03 of 1st period - Mark Letestu wins face-off versus Anton Lander in Bruins zone.
2:04 of 1st period - Snap shot by Martin Erat.
2:04 of 1st period - Stopped by Semyon Varlamov with a rebound.
2:06 of 1st period - Snap shot by Patrick Sharp.
2:06 of 1st period - Stopped by Semyon Varlamov with a rebound.
2:08 of 1st period - Slapshot by Alexei Emelin.
2:08 of 1st period - Stopped by Semyon Varlamov with a rebound.
2:27 of 1st period - Minor Penalty to Tom Wilson for Roughing.
2:28 of 1st period - Zemgus Girgensons wins face-off versus Shawn Horcoff in Bruins zone.
2:54 of 1st period - Snap shot by Shawn Horcoff.
2:54 of 1st period - Stopped by Semyon Varlamov with a rebound.
2:56 of 1st period - Wrist shot by Shawn Horcoff.
2:56 of 1st period - Shot Misses the Net.
3:22 of 1st period - Snap shot by Patrick Sharp.
3:22 of 1st period - Shot Misses the Net.
3:24 of 1st period - Slapshot by Alexei Emelin.
3:24 of 1st period - Goal by Alexei Emelin - RedWings : 1 - Bruins : 0.
3:25 of 1st period - Claude Giroux wins face-off versus Devante Smith-Pelly in neutral zone.
3:30 of 1st period - Snap shot by Joe Pavelski.
3:30 of 1st period - Stopped by Jonas Hiller with a rebound.
3:40 of 1st period - Snap shot by Aaron Ekblad.
3:40 of 1st period - Stopped by Semyon Varlamov with a rebound.
4:22 of 1st period - Milan Michalek is hit by Anton Lander.
4:38 of 1st period - Wrist shot by Shane Doan.
4:38 of 1st period - Shot Misses the Net.
4:40 of 1st period - Snap shot by Milan Michalek.
4:40 of 1st period - Shot Blocked by Brenden Dillon.
4:42 of 1st period - Slapshot by Milan Michalek.
4:42 of 1st period - Stopped by Semyon Varlamov without a rebound.
4:43 of 1st period - Anze Kopitar wins face-off versus Martin Erat in Bruins zone.
5:50 of 1st period - Snap shot by Steve Downie.
5:50 of 1st period - Shot Blocked by Shea Weber.
5:52 of 1st period - Wrist shot by Ryan White.
5:52 of 1st period - Stopped by Semyon Varlamov with a rebound.
5:56 of 1st period - Wrist shot by Steve Downie.
5:56 of 1st period - Shot Misses the Net.
6:40 of 1st period - Snap shot by Claude Giroux.
6:40 of 1st period - Stopped by Jonas Hiller with a rebound.
8:38 of 1st period - Eric Gryba is hit by Shea Weber and loses puck.
9:38 of 1st period - Wrist shot by Steve Downie.
9:38 of 1st period - Shot Blocked by Brenden Dillon.
10:24 of 1st period - Milan Michalek is hit by Anze Kopitar and loses puck.
11:25 of 1st period - Steve Downie is hit by Shea Weber and loses puck.
11:50 of 1st period - Slapshot by Patrick Sharp.
11:50 of 1st period - Stopped by Semyon Varlamov with a rebound.
11:52 of 1st period - Slapshot by Patrick Sharp.
11:52 of 1st period - Shot Misses the Net.
11:54 of 1st period - Slapshot by Eric Gryba.
11:54 of 1st period - Shot Misses the Net.
12:56 of 1st period - Wrist shot by Matt Duchene.
12:56 of 1st period - Deflect By Tommy Wingels.
12:56 of 1st period - Shot Misses the Net.
12:56 of 1st period - Puck is out of play.
12:57 of 1st period - Matt Duchene wins face-off versus Mark Letestu in RedWings zone.
13:16 of 1st period - Milan Michalek is hit by Shea Weber.
14:14 of 1st period - Snap shot by Chris VandeVelde.
14:14 of 1st period - Deflect By Tomas Kopecky.
14:14 of 1st period - Shot Blocked by Nick Holden.
14:14 of 1st period - Puck is out of play.
14:15 of 1st period - Claude Giroux wins face-off versus Devante Smith-Pelly in Bruins zone.
14:37 of 1st period - Wrist shot by Matt Duchene.
14:37 of 1st period - Shot Misses the Net.
14:41 of 1st period - Slapshot by Matt Hendricks.
14:41 of 1st period - Shot Misses the Net.
15:35 of 1st period - Shane Doan is hit by Anze Kopitar and loses puck.
16:19 of 1st period - Slapshot by T.J. Oshie.
16:19 of 1st period - Goal by T.J. Oshie - RedWings : 1 - Bruins : 1.
16:20 of 1st period - TJ Galiardi wins face-off versus Anze Kopitar in neutral zone.
16:39 of 1st period - Wrist shot by Ryan White.
16:39 of 1st period - Shot Misses the Net.
16:43 of 1st period - Slapshot by Steve Downie.
16:43 of 1st period - Shot Blocked by Zemgus Girgensons.
16:45 of 1st period - Snap shot by TJ Galiardi.
16:45 of 1st period - Stopped by Semyon Varlamov with a rebound.
16:55 of 1st period - Alexei Emelin is hit by Zemgus Girgensons.
17:15 of 1st period - Icing by Alexei Emelin.
17:16 of 1st period - Mark Letestu wins face-off versus Claude Giroux in RedWings zone.
17:29 of 1st period - Snap shot by Patrick Sharp.
17:29 of 1st period - Stopped by Semyon Varlamov without a rebound.
17:30 of 1st period - Matt Duchene wins face-off versus Devante Smith-Pelly in Bruins zone.
17:37 of 1st period - Slapshot by Shea Weber.
17:37 of 1st period - Stopped by Jonas Hiller with a rebound.
17:39 of 1st period - Slapshot by Brent Seabrook.
17:39 of 1st period - Stopped by Jonas Hiller with a rebound.
17:41 of 1st period - Snap shot by Tommy Wingels.
17:41 of 1st period - Stopped by Jonas Hiller with a rebound.
17:43 of 1st period - Snap shot by Brent Seabrook.
17:43 of 1st period - Stopped by Jonas Hiller without a rebound.
17:44 of 1st period - Matt Duchene wins face-off versus Devante Smith-Pelly in RedWings zone.
18:16 of 1st period - Shea Weber is hit by Chris VandeVelde and loses puck.
18:41 of 1st period - Snap shot by Joe Pavelski.
18:41 of 1st period - Shot Misses the Net.
19:12 of 1st period - Snap shot by Anze Kopitar.
19:12 of 1st period - Shot Blocked by Nick Leddy.
19:12 of 1st period - Nick Leddy from RedWings is injured at 19:12 of 1st period (Broken Bone (Right Ankle)).
19:13 of 1st period - Shawn Horcoff wins face-off versus Claude Giroux in RedWings zone.
19:13 of 1st period - Shawn Horcoff is hit by Shea Weber.
19:23 of 1st period - Wrist shot by Claude Giroux.
19:23 of 1st period - Shot Blocked by Zbynek Michalek.
19:25 of 1st period - Slapshot by Joe Pavelski.
19:25 of 1st period - Deflect By Claude Giroux.
19:25 of 1st period - Shot Misses the Net.
19:25 of 1st period - Puck is out of play.
19:26 of 1st period - Shawn Horcoff wins face-off versus Claude Giroux in RedWings zone.
19:26 of 1st period - Shawn Horcoff is hit by Claude Giroux.
19:38 of 1st period - Brent Seabrook is hit by Aaron Ekblad and loses puck.
19:49 of 1st period - Wrist shot by Joe Pavelski.
19:49 of 1st period - Goal by Joe Pavelski - RedWings : 1 - Bruins : 2.
19:50 of 1st period - Mark Letestu wins face-off versus Anze Kopitar in neutral zone.
Goals for this period are 1 for RedWings vs 2 for Bruins.
Shots for this period are 12 for RedWings vs 9 for Bruins.

2nd period


0:01 of 2nd period - Mark Letestu wins face-off versus Claude Giroux in neutral zone.
0:52 of 2nd period - Milan Michalek is hit by Shea Weber and loses puck.
1:06 of 2nd period - Milan Michalek is hit by Zemgus Girgensons.
1:12 of 2nd period - John-Michael Liles is hit by Zemgus Girgensons.
1:16 of 2nd period - Shawn Horcoff is hit by Brent Seabrook and loses puck.
2:13 of 2nd period - Icing by Chris VandeVelde.
2:14 of 2nd period - Devante Smith-Pelly wins face-off versus Anton Lander in RedWings zone.
2:23 of 2nd period - Snap shot by Tom Wilson.
2:23 of 2nd period - Stopped by Jonas Hiller without a rebound.
2:24 of 2nd period - Mark Letestu wins face-off versus Anton Lander in RedWings zone.
2:41 of 2nd period - Jeff Petry is hit by Aaron Ekblad.
3:17 of 2nd period - Snap shot by Joe Pavelski.
3:17 of 2nd period - Stopped by Jonas Hiller with a rebound.
3:19 of 2nd period - Slapshot by Joe Pavelski.
3:19 of 2nd period - Shot Misses the Net.
3:21 of 2nd period - Snap shot by Joe Pavelski.
3:21 of 2nd period - Shot Misses the Net.
3:23 of 2nd period - Slapshot by Nate Guenin.
3:23 of 2nd period - Shot Blocked by Patrick Sharp.
3:25 of 2nd period - Snap shot by Claude Giroux.
3:25 of 2nd period - Stopped by Jonas Hiller with a rebound.
3:53 of 2nd period - Nate Guenin is hit by Devante Smith-Pelly and loses puck.
4:07 of 2nd period - Aaron Ekblad is hit by Marian Hossa and loses puck.
4:23 of 2nd period - Off-side.
4:24 of 2nd period - Matt Duchene wins face-off versus Shawn Horcoff in neutral zone.
5:02 of 2nd period - Joe Pavelski is hit by Zbynek Michalek and loses puck.
5:45 of 2nd period - Wrist shot by Marian Hossa.
5:45 of 2nd period - Stopped by Jonas Hiller without a rebound.
5:46 of 2nd period - Devante Smith-Pelly wins face-off versus Anton Lander in RedWings zone.
5:46 of 2nd period - Devante Smith-Pelly is hit by Anton Lander.
5:54 of 2nd period - Tom Wilson is hit by Devante Smith-Pelly and loses puck.
7:23 of 2nd period - Zbynek Michalek is hit by Anze Kopitar and loses puck.
8:06 of 2nd period - Snap shot by T.J. Oshie.
8:06 of 2nd period - Shot Misses the Net.
8:20 of 2nd period - Slapshot by Steve Downie.
8:20 of 2nd period - Stopped by Semyon Varlamov with a rebound.
8:41 of 2nd period - Slapshot by Anton Lander.
8:41 of 2nd period - Stopped by Jonas Hiller without a rebound.
8:42 of 2nd period - Mark Letestu wins face-off versus Anton Lander in RedWings zone.
8:48 of 2nd period - Off-side.
8:49 of 2nd period - Anton Lander wins face-off versus Patrick Sharp in neutral zone.
9:19 of 2nd period - Minor Penalty to Eric Gryba for Slashing.
9:20 of 2nd period - Shane Doan wins face-off versus Anze Kopitar in RedWings zone.
9:51 of 2nd period - Marian Hossa is hit by Alexei Emelin and loses puck.
11:19 of 2nd period - Penalty to Eric Gryba is over, Eric Gryba is back on ice.
11:27 of 2nd period - Slapshot by Anze Kopitar.
11:27 of 2nd period - Deflect By Zemgus Girgensons.
11:27 of 2nd period - Shot Misses the Net.
11:27 of 2nd period - Puck is out of play.
11:28 of 2nd period - Anze Kopitar wins face-off versus Chris VandeVelde in RedWings zone.
12:08 of 2nd period - Slapshot by Tommy Wingels.
12:08 of 2nd period - Stopped by Jonas Hiller with a rebound.
14:53 of 2nd period - Wrist shot by Matt Duchene.
14:53 of 2nd period - Stopped by Jonas Hiller with a rebound.
14:55 of 2nd period - Slapshot by Brent Seabrook.
14:55 of 2nd period - Stopped by Jonas Hiller with a rebound.
15:32 of 2nd period - Snap shot by Shawn Horcoff.
15:32 of 2nd period - Deflect By Milan Michalek.
15:32 of 2nd period - Stopped by Semyon Varlamov without a rebound.
15:33 of 2nd period - Shane Doan wins face-off versus Anton Lander in Bruins zone.
15:56 of 2nd period - Jeff Petry is hit by Zbynek Michalek and loses puck.
16:31 of 2nd period - Wrist shot by Patrick Sharp.
16:31 of 2nd period - Shot Blocked by Zemgus Girgensons.
19:13 of 2nd period - Shane Doan is hit by Shea Weber.
Goals for this period are 0 for RedWings vs 0 for Bruins.
Shots for this period are 2 for RedWings vs 8 for Bruins.

3rd period


0:01 of 3rd period - Claude Giroux wins face-off versus Shawn Horcoff in neutral zone.
0:10 of 3rd period - Slapshot by Joe Pavelski.
0:10 of 3rd period - Stopped by Jonas Hiller without a rebound.
0:11 of 3rd period - Claude Giroux wins face-off versus Shawn Horcoff in RedWings zone.
0:16 of 3rd period - Slapshot by Claude Giroux.
0:16 of 3rd period - Stopped by Jonas Hiller without a rebound.
0:17 of 3rd period - Claude Giroux wins face-off versus Shawn Horcoff in RedWings zone.
0:22 of 3rd period - Slapshot by Joe Pavelski.
0:22 of 3rd period - Stopped by Jonas Hiller with a rebound.
0:24 of 3rd period - Slapshot by Joe Pavelski.
0:24 of 3rd period - Stopped by Jonas Hiller without a rebound.
0:25 of 3rd period - Claude Giroux wins face-off versus Shawn Horcoff in RedWings zone.
0:48 of 3rd period - Snap shot by Shawn Horcoff.
0:48 of 3rd period - Stopped by Semyon Varlamov without a rebound.
0:49 of 3rd period - Matt Duchene wins face-off versus Patrick Sharp in Bruins zone.
2:06 of 3rd period - Minor Penalty to Marian Hossa for Hooking.
2:07 of 3rd period - Zemgus Girgensons wins face-off versus Shawn Horcoff in Bruins zone.
2:27 of 3rd period - Icing by Aaron Ekblad.
2:28 of 3rd period - Shawn Horcoff wins face-off versus Zemgus Girgensons in RedWings zone.
2:32 of 3rd period - Minor Penalty to Matt Hendricks for Holding.
2:33 of 3rd period - Anze Kopitar wins face-off versus Martin Erat in Bruins zone.
3:05 of 3rd period - Anze Kopitar is hit by Mark Letestu and loses puck.
3:28 of 3rd period - Wrist shot by Shawn Horcoff.
3:28 of 3rd period - Stopped by Semyon Varlamov without a rebound.
3:29 of 3rd period - Anze Kopitar wins face-off versus Shawn Horcoff in Bruins zone.
3:38 of 3rd period - Anze Kopitar is hit by Aaron Ekblad and loses puck.
4:06 of 3rd period - Penalty to Marian Hossa is over, Marian Hossa is back on ice.
4:32 of 3rd period - Penalty to Matt Hendricks is over, Matt Hendricks is back on ice.
4:48 of 3rd period - Eric Gryba is hit by Matt Hendricks.
5:18 of 3rd period - Snap shot by Joe Pavelski.
5:18 of 3rd period - Shot Blocked by Zbynek Michalek.
6:12 of 3rd period - Alexei Emelin is hit by Tommy Wingels.
6:24 of 3rd period - Anze Kopitar is hit by Alexei Emelin and loses puck.
6:51 of 3rd period - Snap shot by Tom Wilson.
6:51 of 3rd period - Stopped by Jonas Hiller without a rebound.
6:52 of 3rd period - Anton Lander wins face-off versus Mark Letestu in RedWings zone.
6:55 of 3rd period - Slapshot by Anton Lander.
6:55 of 3rd period - Shot Misses the Net.
6:57 of 3rd period - Slapshot by Nick Holden.
6:57 of 3rd period - Shot Misses the Net.
6:59 of 3rd period - Slapshot by Jonas Brodin.
6:59 of 3rd period - Shot Hit the Post.
7:01 of 3rd period - Wrist shot by Jonas Brodin.
7:01 of 3rd period - Shot Misses the Net.
7:03 of 3rd period - Wrist shot by Anton Lander.
7:03 of 3rd period - Shot Misses the Net.
7:05 of 3rd period - Slapshot by Nick Holden.
7:05 of 3rd period - Stopped by Jonas Hiller without a rebound.
7:06 of 3rd period - Joe Pavelski wins face-off versus Mark Letestu in RedWings zone.
7:31 of 3rd period - Snap shot by Joe Pavelski.
7:31 of 3rd period - Deflect By Claude Giroux.
7:31 of 3rd period - Stopped by Jonas Hiller with a rebound.
7:39 of 3rd period - Snap shot by Joe Pavelski.
7:39 of 3rd period - Stopped by Jonas Hiller with a rebound.
7:41 of 3rd period - Snap shot by Jonas Brodin.
7:41 of 3rd period - Shot Blocked by Aaron Ekblad.
7:58 of 3rd period - Minor Penalty to Tommy Wingels for Tripping.
7:59 of 3rd period - Zemgus Girgensons wins face-off versus Shane Doan in Bruins zone.
8:18 of 3rd period - Wrist shot by Shane Doan.
8:18 of 3rd period - Stopped by Semyon Varlamov with a rebound.
8:20 of 3rd period - Slapshot by Shawn Horcoff.
8:20 of 3rd period - Goal by Shawn Horcoff - RedWings : 2 - Bruins : 2.
8:21 of 3rd period - Claude Giroux wins face-off versus Shane Doan in neutral zone.
8:24 of 3rd period - Alexei Emelin is hit by T.J. Oshie and loses puck.
8:31 of 3rd period - Backhand shot by Claude Giroux.
8:31 of 3rd period - Shot Misses the Net.
8:33 of 3rd period - Slapshot by Brent Seabrook.
8:33 of 3rd period - Shot Blocked by John-Michael Liles.
8:35 of 3rd period - Wrist shot by Joe Pavelski.
8:35 of 3rd period - Shot Misses the Net.
8:51 of 3rd period - Snap shot by Claude Giroux.
8:51 of 3rd period - Shot Misses the Net.
8:53 of 3rd period - Wrist shot by Joe Pavelski.
8:53 of 3rd period - Goal by Joe Pavelski - RedWings : 2 - Bruins : 3.
8:54 of 3rd period - Mark Letestu wins face-off versus Marian Hossa in neutral zone.
8:56 of 3rd period - Minor Penalty to Patrick Sharp for Roughing.
8:57 of 3rd period - Claude Giroux wins face-off versus Shane Doan in RedWings zone.
9:18 of 3rd period - Snap shot by Shea Weber.
9:18 of 3rd period - Shot Misses the Net.
9:24 of 3rd period - Snap shot by Joe Pavelski.
9:24 of 3rd period - Shot Misses the Net.
9:26 of 3rd period - Slapshot by Matt Duchene.
9:26 of 3rd period - Goal by Matt Duchene - RedWings : 2 - Bruins : 4.
9:27 of 3rd period - Mark Letestu wins face-off versus Anze Kopitar in neutral zone.
10:14 of 3rd period - Snap shot by Joe Pavelski.
10:14 of 3rd period - Stopped by Jonas Hiller with a rebound.
10:22 of 3rd period - T.J. Oshie is hit by Shane Doan and loses puck.
11:42 of 3rd period - Brenden Dillon is hit by Ryan White and loses puck.
11:49 of 3rd period - Snap shot by Ryan White.
11:49 of 3rd period - Deflect By TJ Galiardi.
11:49 of 3rd period - Shot Misses the Net.
11:49 of 3rd period - Puck is out of play.
11:50 of 3rd period - Anze Kopitar wins face-off versus Mark Letestu in Bruins zone.
11:57 of 3rd period - Snap shot by Anze Kopitar.
11:57 of 3rd period - Shot Blocked by Eric Gryba.
12:04 of 3rd period - Off-side.
12:05 of 3rd period - Zemgus Girgensons wins face-off versus Mark Letestu in neutral zone.
12:59 of 3rd period - Tommy Wingels is hit by Shane Doan and loses puck.
13:18 of 3rd period - Slapshot by Matt Duchene.
13:18 of 3rd period - Shot Misses the Net.
13:49 of 3rd period - Zbynek Michalek is hit by Claude Giroux.
14:23 of 3rd period - Snap shot by Steve Downie.
14:23 of 3rd period - Stopped by Semyon Varlamov with a rebound.
14:25 of 3rd period - Slapshot by Alexei Emelin.
14:25 of 3rd period - Deflect By Steve Downie.
14:25 of 3rd period - Shot Blocked by Tommy Wingels.
14:25 of 3rd period - Puck is out of play.
14:26 of 3rd period - Anze Kopitar wins face-off versus Ryan White in Bruins zone.
14:53 of 3rd period - Shea Weber is hit by Ryan White and loses puck.
15:08 of 3rd period - Shea Weber is hit by Aaron Ekblad.
15:35 of 3rd period - Zbynek Michalek is hit by Matt Hendricks.
15:58 of 3rd period - Off-side.
15:59 of 3rd period - Shawn Horcoff wins face-off versus Claude Giroux in neutral zone.
16:18 of 3rd period - Minor Penalty to Alexei Emelin for Interference.
16:19 of 3rd period - Anze Kopitar wins face-off versus Shane Doan in RedWings zone.
17:22 of 3rd period - Snap shot by Joe Pavelski.
17:22 of 3rd period - Stopped by Jonas Hiller without a rebound.
17:23 of 3rd period - Claude Giroux wins face-off versus Shane Doan in RedWings zone.
18:04 of 3rd period - Snap shot by Anze Kopitar.
18:04 of 3rd period - Stopped by Jonas Hiller without a rebound.
18:05 of 3rd period - Zemgus Girgensons wins face-off versus Chris VandeVelde in RedWings zone.
18:18 of 3rd period - Penalty to Alexei Emelin is over, Alexei Emelin is back on ice.
18:48 of 3rd period - Wrist shot by Patrick Sharp.
18:48 of 3rd period - Stopped by Semyon Varlamov without a rebound.
18:49 of 3rd period - Claude Giroux wins face-off versus Devante Smith-Pelly in Bruins zone.
19:23 of 3rd period - Double Minor Penalty to T.J. Oshie for Boarding.
19:24 of 3rd period - Mark Letestu wins face-off versus Zemgus Girgensons in Bruins zone.
19:49 of 3rd period - Zbynek Michalek is hit by Zemgus Girgensons and loses puck.
Goals for this period are 1 for RedWings vs 2 for Bruins.
Shots for this period are 6 for RedWings vs 13 for Bruins.